 Dungeon Crawl Stone Soup version 0.28-a0-1524-ge72afd5fc6 (webtiles) character file.

Game seed: 4300504088048939652

175 Zonian the Magician (level 5, -3/35 HPs)
             Began as a Djinni Ice Elementalist on Jan 17, 2022.
             Was an Initiate of Ashenzari.
             Slain by an orc (4 damage)
             ... on level 6 of the Dungeon.
             The game lasted 00:11:12 (6650 turns).

Zonian the Magician (Djinni Ice Elementalist)       Turns: 6650, Time: 00:11:12

Health: -3/35      AC: 10    Str:  7    XL:     5   Next: 85%
Gold:   116        EV: 13    Int: 18    God:    Ashenzari [......] SH:  0 Dex: 14

rFire   + + .      SeeInvis .   c - +0 short sword
rCold   x . .      Faith    .   (no shield)
rNeg    . . .      Spirit   .   a - +2 robe of Ashenzari's Moon {Melee, Cun} (curse)
rPois   ∞          Reflect  .   (no helmet)
rElec   .          Harm     .   (no cloak)
rCorr   .          Rampage  .   (no gloves)
Will    .....                   (boots unavailable)
Stlth   ++........              (no amulet)
HPRegen 0.11/turn               (no ring)
MPRegen 0.00/turn               (no ring)

@: ice-armoured, flying
A: sickness immunity, fire resistance 2, cold vulnerability 1, float, innate
caster, hp casting, extra vitality 1
a: Renounce Religion, Shatter the Chains


You were on level 6 of the Dungeon.
You worshipped Ashenzari.
Ashenzari was noncommittal.
You visited 1 branch of the dungeon, and saw 6 of its levels.

You collected 116 gold pieces.

Inventory:

Hand Weapons
 c - a +0 short sword (weapon)
Missiles
 i - 3 poisoned darts
Armour
 a - the cursed +2 robe of Ashenzari's Moon (worn) {Melee, Cun}

   It has a curse which improves the following skills: Melee Combat: Short
   Blades, Long Blades, Axes, Maces & Flails, Polearms, Staves and Unarmed
   Combat.
   Cunning:   Dodging and Stealth.
Jewellery
 e - a ring of fire
Scrolls
 g - a scroll of identify
Potions
 f - a potion of attraction


   Skills:
 + Level 3.9(4.3) Dodging
 + Level 3.1(3.5) Stealth
 + Level 4.0 Spellcasting


You couldn't memorise any spells.
You knew the following spells:

 Your Spells              Type           Power      Damage    Failure   Level
a - Freeze                Ice            72%        1d9       2%          1
b - Frozen Ramparts       Ice            36%        1d5       9%          3
c - Ozocubu's Armour      Ice            18%        N/A       9%          3
d - Hailstorm             Conj/Ice       18%        3d6       28%         4
e - Slow                  Hex            72%        N/A       2%          1
f - Passwall              Tmut/Erth      15%        N/A       4%          2
Your spell library was empty.

Dungeon Overview and Level Annotations

Branches:
Dungeon (6/15)
 Temple: D:4-7

Altars:
Ashenzari
Makhleb
Sif Muna

Annotations:
D:5 Sigmund


Innate Abilities, Weirdness & Mutations

You are immune to sickness and miasma.
You are immune to poison.
Your flesh is very heat resistant. (rF++)
You are vulnerable to cold. (rC-)
You float through the air rather than walking.
You learn spells naturally, not from books.
Your magical power is your life essence.
You have superior vitality. (+4 MHP)


Message History

The orc closely misses you.
The ice beast hits you but does no damage.
The orc closely misses you.
Unknown command.
You closely miss the ice beast.
The ice beast is heavily wounded.
The ice beast barely misses you. The orc hits you with a +0 club.
* * * LOW HITPOINT WARNING * * *
Unknown command.
You closely miss the ice beast.
The ice beast is heavily wounded.
The ice beast barely misses you. The orc barely misses you.
Unknown command.
You hit the ice beast but do no damage.
The ice beast is heavily wounded.
The ice beast closely misses you. The orc closely misses you.
The ice beast closely misses you.
You hit the ice beast.
The ice beast is severely wounded.
The orc hits you but does no damage.
The ice beast hits you but does no damage.
Unknown command.
You barely miss the ice beast.
The ice beast is severely wounded.
The orc hits you but does no damage.
The ice beast hits you but does no damage.
Unknown command.
You hit the ice beast but do no damage.
The ice beast is severely wounded.
The orc barely misses you.
The ice beast hits you but does no damage.
Unknown command.
You barely miss the ice beast.
The ice beast is severely wounded.
The orc closely misses you. The ice beast barely misses you.
Unknown command.
You hit the ice beast but do no damage.
The ice beast is severely wounded.
The orc hits you with a +0 club.
You die...

#...###'#####...
#...#.......'...
#...#.......#...
#...#.......#...
#...#.......#...
+...#.......#...
#.####.....##<.. #####.##
#.....##### #..@o..#
.........
#...Y..#..........
#....(.#...........
########.#####+##### ###
#.#.......... #####.#
#.......... #.....#
#.......... #.....#
#..........
#.....#########..........


You could see an ice beast and an orc.

Vanquished Creatures
  A bullfrog skeleton (D:6)
  An orc wizard (D:6)
  3 adders
  A shadow imp (D:6)
  3 worms
  3 dart slugs
  An orc (D:3)
  13 ball pythons
  5 bats
  4 endoplasms
  4 giant cockroaches
  2 goblins
  13 hobgoblins
  7 frilled lizards
  3 kobolds
  7 rats
71 creatures vanquished.

Vanquished Creatures (others)
  A butterfly (D:6)
1 creature vanquished.

Grand Total: 72 creatures vanquished

Notes
Turn   | Place    | Note
-------+----------+-------------------------------------------
     0 | D:1      | Zonian the Djinni Ice Elementalist began the quest for the
                  | Orb.
     0 | D:1      | Reached XP level 1. HP: 15/15 MP: 0/0
   113 | D:1      | Reached XP level 2. HP: 16/21 MP: 0/0
   838 | D:1      | Found a faded altar of an unknown god.
   888 | D:1      | Reached XP level 3. HP: 22/25 MP: 0/0
   888 | D:1      | Learned a level 1 spell: Slow
  2459 | D:2      | Reached XP level 4. HP: 27/31 MP: 0/0
  3634 | D:3      | Found a broken altar of Ashenzari.
  3986 | D:3      | Became a worshipper of Ashenzari the Shackled
  4979 | D:3      | Reached XP level 5. HP: 26/35 MP: 0/0
  4979 | D:3      | Learned a level 2 spell: Passwall
  5782 | D:4      | You are sucked into a shaft and drop 2 floors!
  5782 | D:6      | Found a burning altar of Makhleb.
  6127 | D:5      | Entered Level 5 of the Dungeon
  6134 | D:5      | Noticed Sigmund
  6187 | D:6      | Reached skill level 4 in Spellcasting
  6580 | D:6      | Noticed an ice beast
  6640 | D:6      | HP: 1/35 [ice beast (7)]
  6650 | D:6      | Slain by an orc

Illustrated notes

Levels and vault maps discovered:
D:1:      onia_arrival_handbag, layout_rooms, nicolae_ecumenical_snake_handling
D:2:      layout_basic
D:3:      layout_basic, ashenzari_altar_1, mainiacjoe_overflow_alcove_1
D:4:      layout_rooms, nicolae_uskayaw_en_pointe, ebering_ghost_sewer_d,
          uniq_crazy_yiuf_cottage, uniq_duvessa, uniq_eustachio
D:5:      layout_basic, lemuel_doored_altar, serial_shops,
          nicolae_stop_n_shop_1, lemuel_flame_loot_1, uniq_pikel, uniq_edmund,
          uniq_sigmund, uniq_grinder, uniq_blork_the_orc, uniq_ijyb
D:6:      layout_gridville, mainiacjoe_overflow_concentric_impassable,
          nicolae_elyvilon_peaceful_grove, overflow_temple_1_default,
          minmay_temple_entry_enclosed_plants

Skill      XL: |  1  2  3  4  5 |
---------------+----------------+-----
Stealth        | 2 3 |  3.1
Dodging        | 3 |  3.9
Spellcasting   | 4 |  4.0

Action                   |  1- 3 |  4- 6 || total
-------------------------+-------+-------++-------
Melee: Unarmed           |     3 |       ||     3
       Short sword       |    19 |    80 ||    99
       Punch             |       |     3 ||     3
Throw: Dart              |       |     2 ||     2
 Cast: Freeze            |    53 |    65 ||   118
       Ozocubu's Armour  |       |     1 ||     1
       Frozen Ramparts   |       |     1 ||     1
Invok: Curse Item        |       |     1 ||     1
Evoke: Wand              |       |     8 ||     8
  Use: Scroll            |       |     5 ||     5
       Potion            |       |     1 ||     1
 Stab: Sleeping          |     1 |     4 ||     5
Armor: Robe              |     9 |    30 ||    39
Dodge: Dodged            |    45 |    93 ||   138

Table legend: (Time is in decaauts)
 A = Elapsed time spent in this place.
 B = Non-inter-level travel time spent in this place.
 C = Inter-level travel time spent in this place.
 D = Time resting spent in this place.
 E = Time spent auto-exploring this place.
 F = Levels seen in this place.
 G = Mean time per level.
                   A        B        C        D        E       F      G
               +--------+--------+--------+--------+--------+-----+--------+
         Total |   6659 |   6596 |     63 |   3456 |   2202 |   6 | 1109.8 |
       Dungeon |   6659 |   6596 |     63 |   3456 |   2202 |   6 | 1109.8 |
               +--------+--------+--------+--------+--------+-----+--------+

Top non-repeatable levels by time:
     D:1: 2341 daAuts
     D:3: 1981 daAuts
     D:2: 1266 daAuts
     D:6: 854 daAuts
     D:4: 198 daAuts
     D:5: 17 daAuts
